 Dungeon Crawl Stone Soup version 0.31-a0-145-g046c7d2549 (webtiles) character file.

Game seed: 8719545927300171015

63324 Gargoyl the Cleaver (level 15, 0/97 HPs)
             Began as a Gargoyle Berserker on June 4, 2023.
             Was an Elder of Trog.
             Slain by a red ugly thing (11 damage)
             ... on level 5 of the Lair of Beasts.
             The game lasted 00:30:50 (18059 turns).

Gargoyl the Cleaver (Gargoyle Berserker)           Turns: 18059, Time: 00:30:51

Health: 0/97       AC: 31    Str: 24    XL:     15   Next: 9%
Magic:  15/15      EV: 13    Int:  8    God:    Trog [****..]
Gold:   1306       SH: 13    Dex: 13    Spells: 14/14 levels left

rFire   . . .        a - +6 hand axe (chaos)
rCold   + + .        f - +2 buckler
rNeg    + . .        l - +3 scale mail {rC+}
rPois   ∞            k - +1 hat {Stlth+}
rElec   +            h - +2 cloak
rCorr   .            (no gloves)
SInv    .            e - +2 pair of boots
Will    +....        o - amulet of reflection
Stlth   ++           y - ring of protection from cold
HPRegen 0.36/turn    (no ring)
MPRegen 0.14/turn

%: reflection
@: flying, studying Long Blades
A: sickness immunity, AC +11, big wings, negative energy resistance 1,
electricity resistance, torment resistance 1, petrification resistance
a: Renounce Religion, Berserk, Trog's Hand, Brothers in Arms


You were on level 5 of the Lair of Beasts.
You worshipped Trog.
Trog was greatly pleased with you.
You visited 2 branches of the dungeon, and saw 15 of its levels.
You also visited: Bailey.

You collected 1306 gold pieces.

Inventory:

Hand Weapons
 a - a +6 hand axe of chaos (weapon)
 b - a +3 scimitar of flaming
 t - a +3 flail of holy wrath
Missiles
 p - 22 poisoned darts (quivered)
Armour
 e - a +2 pair of boots (worn)
 f - a +2 buckler (worn)
 h - a +2 cloak (worn)
 k - a +1 hat of stealth (worn)
 l - a +3 scale mail of cold resistance (worn)
Jewellery
 o - an amulet of reflection (around neck)
 y - a ring of protection from cold (left hand)
Wands
 j - a wand of flame (33)
 r - a wand of acid (6)
 u - a wand of mindburst (5)
 A - a wand of polymorph (5)
 F - a wand of roots (7)
Scrolls
 c - a scroll of fear
 B - 5 scrolls of teleportation
 C - 2 scrolls of poison
 D - 6 scrolls of magic mapping
 G - 3 scrolls of brand weapon
 H - 2 scrolls of enchant armour
 I - a scroll of identify
Potions
 d - a potion of berserk rage
 g - a potion of ambrosia
 i - 2 potions of resistance {unknown}
 m - 2 potions of degeneration {unknown}
 n - 5 potions of mutation
 q - 4 potions of haste {unknown}
 s - 3 potions of lignification {unknown}
 v - 2 potions of invisibility {unknown}
 w - 3 potions of magic
 x - 2 potions of brilliance {unknown}
 z - 2 potions of enlightenment {unknown}
 E - a potion of curing


   Skills:
 + Level 12.9 Fighting
 + Level 5.7 Long Blades
 + Level 14.7 Axes
 + Level 1.1 Throwing
 + Level 11.8 Armour
 + Level 8.0 Dodging
 + Level 4.9 Stealth
 + Level 10.0 Shields
 + Level 0.7 Evocations


You had 14 spell levels left.
You didn't know any spells.
Your spell library was empty.

Dungeon Overview and Level Annotations

Branches:
Dungeon (10/15)            Temple (0/1) D:5            Lair (5/5) D:9
  Swamp (0/4) Lair:2        Snake (0/4) Lair:3        Slime (0/5) Lair:4
 Bailey (visited)
    Orc: D:9-12

Altars:
Makhleb
Nemelex Xobeh
Zin
Jiyva
Lugonu

Shops:
D:6 (

Portals:
Abyss: Lair:5

Annotations:
D:10 2 transporters
Lair:3 exclusion: 3 oklob plants


Innate Abilities, Weirdness & Mutations

You are immune to sickness and miasma.
Your stone body is resilient. (AC +11)
You are immune to poison.
Your large and strong wings let you fly.
You resist negative energy. (rN+)
You are resistant to electric shocks. (rElec)
You are resistant to unholy torment.
You are immune to petrification.


Message History

You barely miss the red ugly thing.
The red ugly thing is lightly wounded.
The red ugly thing engulfs you but does no damage.
You slash the red ugly thing!
The red ugly thing is lightly wounded.
You hit the red ugly thing.
The red ugly thing is moderately wounded.
You block the red ugly thing's attack.
You hit the red ugly thing.
The red ugly thing seems to grow stronger.
The red ugly thing is moderately wounded.
The red ugly thing engulfs you.
You are engulfed in flames!!
You hit the red ugly thing. You drain the red ugly thing.
The red ugly thing is heavily wounded.
You slash the red ugly thing!
The red ugly thing goes berserk!
The red ugly thing is severely wounded.
The red ugly thing closely misses you.
You hit the red ugly thing.
The red ugly thing easily resists.
The red ugly thing is severely wounded.
The red ugly thing engulfs you but does no damage.
You hit the red ugly thing. You burn the red ugly thing.
The red ugly thing is severely wounded.
The red ugly thing barely misses you.
You closely miss the red ugly thing.
The red ugly thing is severely wounded.
The red ugly thing engulfs you!
You are engulfed in flames!
You hit the red ugly thing but do no damage.
The red ugly thing looks even sicker.
The red ugly thing is severely wounded.
The red ugly thing engulfs you.
You are engulfed in flames!
You slash the red ugly thing! You freeze the red ugly thing.
The red ugly thing is almost dead.
The red ugly thing engulfs you!
* * * LOW HITPOINT WARNING * * *
You are engulfed in flames!!
* * * LOW HITPOINT WARNING * * *
You hit the red ugly thing.
Nothing appears to happen.
The red ugly thing is almost dead.
The red ugly thing engulfs you!
You die...

♣♣...♣ ♣♣♣..♣ ♣...........
♣....♣♣ ♣♣..♣ ♣...........
♣♣....♣ ♣♣...♣ ♣...........
♣..♣.♣♣♣♣..÷.♣ ♣.........).
♣.♣♣..♣♣.....♣ ♣...<.......
♣♣.♣♣.....♣♣.♣♣ ♣...........
♣♣♣♣....♣♣♣..♣ ♣♣...........
♣♣♣.♣♣ ♣♣.♣ ♣♣............
♣♣..♣ ♣@♣ ♣.............
♣♣..♣♣♣....u♣♣.............
♣...♣♣).....♣♣........†††..
♣♣..♣♣♣♣♣♣...♣♣..#.#.+.#.#..
♣♣...♣♣♣♣
♣♣♣♣♣♣..####..####.
♣..÷♣♣♣(♣♣♣ ♣...###..###.<
♣♣...♣♣♣)..♣ ♣♣....P....#...
♣....♣♣÷...♣ ♣.....P....##..
♣♣...♣♣♣∩...♣♣♣
♣..........###.


You could see a red ugly thing (berserk, strong, very poisoned, drained).

Vanquished Creatures
  Gastronok (Lair:5)
  The ghost of Sintarzus the Spry, a journeyman MfMo of Hepliaklqana (Lair:2)
  An entropy weaver (shapeshifter) (Lair:5)
  3 hydras
  A catoblepas (Lair:5)
  Erica (D:8)
  2 boulder beetles
  8 death yaks
  2 thrashing horrors (Lair:5)
  A skyshark (Lair:3)
  4 large abominations (Lair:5)
  The ghost of RichitheSlayer the Chopper, a novice FoFi (D:6)
  A swamp dragon (Lair:5)
  An orc knight (Bailey)
  A deep elf pyromancer (D:7)
  Pikel (D:7)
  A cyclops (D:6)
  10 elephants
  2 black mambas
  3 torpor snails
  15 cane toads
  3 smoke demons (Lair:5)
  Maggie (D:6)
  A cane toad (shapeshifter) (Lair:5)
  3 rime drakes
  An ancient zyme (Lair:5)
  3 komodo dragons
  3 kobold demonologists
  2 trolls
  3 polar bears
  A hornet (Lair:5)
  Prince Ribbit (D:6)
  9 dream sheep (Lair:5)
  46 blink frogs
  A ynoxinul (Lair:5)
  4 wyverns
  2 vampires
  6 basilisks
  48 yaks
  2 chaos spawn (Lair:5)
  2 steam dragons
  2 vampire mosquitoes (D:10)
  Menkaure (D:7)
  Edmund (D:6)
  2 nagas (Lair:3)
  3 acid dragons
  15 water moccasins
  A floating eye (Lair:3)
  13 orc warriors
  2 ice beasts
  5 black bears
  3 sky beasts
  18 wolves
  9 small abominations (Lair:5)
  A lemure (D:7)
  3 centaurs
  2 phantoms (D:7)
  A kobold brigand (D:7)
  7 bullfrogs
  A gnoll sergeant (D:7)
  3 scorpions
  6 wights
  6 killer bees
  7 howler monkeys
  12 electric eels
  10 hounds
  4 jellies
  6 orc priests
  2 sleepcaps
  6 gnoll boudas
  12 iguanas
  Ijyb (D:3)
  Terence (D:2)
  14 orc wizards
  31 gnolls
  5 adders
  2 shadow imps (D:7)
  3 white imps
  2 ufetubi
  2 worms (D:3)
  3 dart slugs
  66 orcs
  5 bats
  12 endoplasms
  2 giant cockroaches (D:1)
  7 goblins
  11 hobgoblins
  14 jackals (D:3)
  4 quokkas
  6 ball pythons
  4 frilled lizards
  5 kobolds
  24 rats
591 creatures vanquished.

Vanquished Creatures (collateral kills)
  A torpor snail (Lair:5)
  A kobold demonologist (D:10)
  A yak (Lair:5)
  A kobold (D:10)
  2 butterflies (Lair:5)
6 creatures vanquished.

Vanquished Creatures (others)
  An elephant zombie (Lair:5)
  A gnoll (D:9)
2 creatures vanquished.

Grand Total: 599 creatures vanquished

Notes
Turn   | Place    | Note
-------+----------+-------------------------------------------
     0 | D:1      | Gargoyl the Gargoyle Berserker began the quest for the Orb.
     0 | D:1      | Reached XP level 1. HP: 14/14 MP: 1/1
   169 | D:1      | Reached XP level 2. HP: 19/19 MP: 2/2
  1149 | D:2      | Reached skill level 3 in Axes
  1394 | D:2      | Noticed Terence
  1403 | D:2      | Killed Terence
  1404 | D:2      | Reached XP level 3. HP: 24/24 MP: 3/3
  1537 | D:3      | Noticed Ijyb
  1550 | D:3      | Reached XP level 4. HP: 29/29 MP: 4/4
  1560 | D:3      | Killed Ijyb
  1599 | D:3      | Gained mutation: You expend magic power (3 MP) to
                  | strengthen your wands. [potion of mutation]
  1659 | D:3      | Lost mutation: You expend magic power (3 MP) to strengthen
                  | your wands. [potion of mutation]
  1659 | D:3      | Gained mutation: Your muscles are strong. (Str +4, Int/Dex
                  | -1) [potion of mutation]
  1659 | D:3      | Lost mutation: Your muscles are strong. (Str +4, Int/Dex
                  | -1) [potion of mutation]
  1734 | D:3      | Reached ** piety under Trog
  1818 | D:3      | Reached skill level 4 in Axes
  1818 | D:3      | Reached XP level 5. HP: 33/33 MP: 5/5
  1877 | D:3      | Reached skill level 1 in Stealth
  1917 | D:3      | Reached XP level 6. HP: 36/39 MP: 6/6
  2143 | D:3      | Found a sparkling altar of Nemelex Xobeh.
  2585 | D:3      | Reached skill level 5 in Axes
  2916 | D:4      | Reached *** piety under Trog
  3156 | D:4      | Reached XP level 7. HP: 34/44 MP: 7/7
  3382 | D:4      | Found a glowing silver altar of Zin.
  3451 | D:4      | Reached skill level 5 in Fighting
  3700 | D:4      | Identified the +0 pair of boots "Irghayfe" {rPois Will++}
  3737 | D:5      | Entered Level 5 of the Dungeon
  3923 | D:5      | Reached skill level 6 in Axes
  4030 | D:5      | Reached XP level 8. HP: 49/49 MP: 8/8
  4112 | D:5      | Found a staircase to the Ecumenical Temple.
  4719 | D:6      | Noticed Edmund
  4748 | D:6      | Killed Edmund
  4749 | D:6      | Reached skill level 7 in Axes
  4749 | D:6      | Reached skill level 5 in Armour
  4935 | D:6      | Noticed Maggie
  4951 | D:6      | Killed Maggie
  4952 | D:6      | Reached XP level 9. HP: 55/55 MP: 9/9
  5150 | D:6      | Noticed Prince Ribbit
  5167 | D:6      | Killed Prince Ribbit
  5168 | D:6      | Reached skill level 8 in Axes
  5182 | D:6      | Found a runed translucent gate.
  5184 | D:6      | Noticed RichitheSlayer's ghost (novice FoFi)
  5184 | D:6      | Noticed a cyclops
  5187 | D:6      | Found a runed translucent gate.
  5187 | D:6      | Found a runed translucent gate.
  5282 | D:6      | Found Diesugry's Weapon Shop.
  5514 | D:6      | HP: 2/56 [RichitheSlayer's ghost (5)]
  5653 | D:6      | Killed a cyclops
  5719 | D:6      | Killed RichitheSlayer's ghost
  5720 | D:6      | Reached skill level 9 in Axes
  5720 | D:6      | Reached skill level 1 in Shields
  5782 | D:7      | Reached XP level 10. HP: 55/63 MP: 10/10
  6168 | D:7      | Noticed Pikel
  6189 | D:7      | Killed Pikel
  6262 | D:7      | Reached **** piety under Trog
  6274 | D:7      | Reached skill level 10 in Axes
  6390 | D:7      | Noticed Menkaure
  6397 | D:7      | Killed Menkaure
  6704 | D:7      | Noticed a deep elf pyromancer
  7045 | D:7      | Killed a deep elf pyromancer
  7046 | D:7      | Reached XP level 11. HP: 19/68 MP: 11/11
  7679 | D:8      | Noticed Erica
  7698 | D:8      | Killed Erica
  7699 | D:8      | Reached skill level 11 in Axes
  7900 | D:8      | Found a flagged portal.
  7911 | Bailey   | Entered a bailey
  7979 | Bailey   | Noticed an orc knight
  7998 | Bailey   | Killed an orc knight
  8349 | Bailey   | Reached skill level 5 in Dodging
  8436 | Bailey   | Found an iron altar of Okawaru.
  9428 | D:9      | Acquired a manual of Long Blades
  9623 | D:9      | Found a staircase to the Lair.
 10084 | D:10     | Entered Level 10 of the Dungeon
 10168 | D:10     | Noticed a sun demon
 10171 | D:10     | Noticed a sixfirhy
 10178 | D:10     | Reached skill level 5 in Shields
 10223 | D:10     | Found a transporter.
 10225 | D:10     | Found a transporter.
 10225 | D:10     | Noticed a boulder beetle
 10336 | D:10     | Reached XP level 12. HP: 76/76 MP: 12/12
 10338 | D:10     | Reached skill level 12 in Axes
 10848 | Lair:1   | Entered Level 1 of the Lair of Beasts
 10917 | Lair:1   | Noticed a six-headed hydra
 10941 | Lair:1   | Killed a one-headed hydra
 11092 | Lair:1   | Reached skill level 1 in Long Blades
 11816 | Lair:1   | Found a burning altar of Makhleb.
 12191 | Lair:2   | Reached skill level 10 in Armour
 12194 | Lair:2   | Noticed a five-headed hydra
 12215 | Lair:2   | Killed a one-headed hydra
 12241 | Lair:2   | Reached skill level 10 in Fighting
 12534 | Lair:2   | Reached skill level 5 in Long Blades
 12564 | Lair:2   | Noticed Sintarzus's ghost (journeyman MfMo)
 12565 | Lair:2   | Found a runed translucent door.
 12687 | Lair:2   | Killed Sintarzus's ghost
 12821 | Lair:2   | Identified the ring "Siuromuk" {Fire rN++}
 12859 | Lair:2   | Found a staircase to the Swamp.
 13172 | Lair:2   | Noticed a death yak
 13173 | Lair:2   | Noticed a death yak
 13173 | Lair:2   | Noticed a death yak
 13173 | Lair:2   | Noticed a death yak
 13185 | Lair:2   | Killed a death yak
 13186 | Lair:2   | Reached XP level 13. HP: 83/83 MP: 13/13
 13212 | Lair:2   | Reached skill level 13 in Axes
 13681 | Lair:3   | Noticed Gastronok
 13789 | Lair:3   | Reached skill level 1 in Throwing
 14488 | Lair:3   | Found a staircase to the Snake Pit.
 15375 | Lair:4   | Reached skill level 14 in Axes
 15532 | Lair:4   | Gained mutation: Your large and strong wings let you fly.
                  | [Gargoyle growth]
 15532 | Lair:4   | Reached XP level 14. HP: 91/91 MP: 14/14
 15988 | Lair:4   | Found a runed translucent door.
 15991 | Lair:4   | Found a viscous altar of Jiyva.
 15993 | Lair:4   | Found a staircase to the Slime Pits.
 16640 | Lair:5   | Entered Level 5 of the Lair of Beasts
 16892 | Lair:5   | Identified the +4 spear of the Silent Majority {heavy,
                  | *Slow rPois Int+3 Dex+5}
 17036 | Lair:5   | Killed Gastronok
 17382 | Lair:5   | Identified the +2 falchion of the Thieving Priest {freeze,
                  | rElec Str+3 Int-5 Dex+4}
 17880 | Lair:5   | Reached XP level 15. HP: 79/97 MP: 15/15
 17960 | Lair:5   | Reached skill level 10 in Shields
 17976 | Lair:5   | Found a corrupted altar of Lugonu.
 17976 | Lair:5   | Found a one-way gate to the infinite horrors of the Abyss.
 18059 | Lair:5   | Slain by a red ugly thing

Illustrated notes

Levels and vault maps discovered:
D:1:      dpeg_arrival_central, layout_basic, st_stairs_1, minivault_14
D:2:      layout_loops_corners, uniq_terence
D:3:      lemuel_castle_with_subvaults [lemuel_castle_interior_carwin_3],
          layout_rooms, nemelex_spade_bored_becter, kennysheep_donut,
          minmay_starry_boxes, uniq_ijyb
D:4:      layout_basic, zin_academy, chequers_decorated_corner, minmay_rat_hole
D:5:      layout_loops_ring, minmay_temple_entry_drinking_statues,
          saegor_snake_ambush
D:6:      layout_loops_ring, gammafunk_ghost_split, kennysheep_windowed_goal,
          uniq_maggie, uniq_prince_ribbit1, uniq_edmund
D:7:      nzn_winding_woodlands_stair_cross [nzn_winding_woodlands_5x15_jagged,
          nzn_winding_woodlands_center_lodge, nzn_winding_woodlands_5x15_eye,
          nzn_winding_woodlands_5x5_open_star,
          nzn_winding_woodlands_5x5_closed_star,
          nzn_winding_woodlands_5x15_pockets,
          nzn_winding_woodlands_center_garden,
          nzn_winding_woodlands_5x15_zeroes], layout_rooms, grunt_ministairs_14,
          minmay_diced_spiral, uniq_menkaure, uniq_pikel
D:8:      layout_basic, enter_bailey_2, kennysheep_diamond, uniq_erica
D:9:      layout_rooms, erik_lair_island
D:10:     gammafunk_boulding_lane, layout_basic
Lair:1:   layout_roguey, basic_altar, serial_bayou_ford_a
Lair:2:   layout_gridlike, minmay_swamp_entry_reptiles, gammafunk_ghost_grave
Lair:3:   layout_regular_city, guppyfry_snake_entry_garden, minmay_holes,
          disabler_island, lemuel_fruit_tree, serial_bayou_shore_a,
          uniq_gastronok
Lair:4:   layout_layer_cave, slime_entry_2, lemuel_fruit_fields,
          infiniplex_staircase_pool
Lair:5:   hellmonk_lair_end_abyssal_woods, layout_regular_city,
          lemuel_fruit_fields, infiniplex_staircase_pool_2

Skill      XL: |  1  2  3  4  5  6  7  8  9 10 11 12 13 14 15 |
---------------+----------------------------------------------+-----
Axes           | 3 4 5 6 7 9 10 11 12 14 | 14.7
Fighting       | 4 5 6 7 8 9 10 11 12 | 12.9
Dodging        | 2 3 4 5 6 7 8 |  8.0
Stealth        | 1 2 4 |  4.9
Armour         | 3 4 5 7 8 9 10 11 | 11.8
Shields        | 1 3 5 6 7 9 10 | 10.0
Long Blades    | 5 |  5.7
Throwing       | 1 |  1.1
Evocations     | |  0.7

Action                     |  1- 3 |  4- 6 |  7- 9 | 10-12 | 13-15 || total
---------------------------+-------+-------+-------+-------+-------++-------
  Melee: Hand axe          |   102 |   247 |   264 |   959 |   750 ||  2322
         Punch             |     1 |     3 |     3 |    21 |     2 ||    30
         Scimitar          |       |       |       |   133 |     6 ||   139
  Throw: Dart              |       |       |       |     5 |     1 ||     6
 Invoke: Berserk           |     2 |     3 |    10 |    21 |    13 ||    49
         Trog's Hand       |       |     2 |     8 |    26 |    20 ||    56
         Brothers in Arms  |       |       |       |     2 |       ||     2
  Evoke: Wand              |       |       |       |     5 |       ||     5
    Use: Scroll            |     1 |     7 |     7 |    12 |     6 ||    33
         Potion            |       |     2 |     1 |    10 |       ||    13
   Stab: Confused          |       |       |       |       |     4 ||     4
         Petrifying        |       |       |       |       |     2 ||     2
         Petrified         |       |       |       |       |     2 ||     2
         Distracted        |       |       |       |       |     1 ||     1
         Sleeping          |       |       |       |       |     1 ||     1
 Armour: Animal skin       |    22 |       |       |       |       ||    22
         Chain mail        |    26 |       |       |       |       ||    26
         Scale mail        |    30 |   149 |   199 |   658 |   255 ||  1291
  Dodge: Dodged            |    92 |   152 |   155 |   613 |   273 ||  1285
  Block: Other             |       |       |    18 |   286 |     7 ||   311
         Reflection        |       |       |       |     3 |     3 ||     6
         Buckler           |       |       |       |       |   367 ||   367

Table legend: (Time is in decaauts)
 A = Elapsed time spent in this place.
 B = Non-inter-level travel time spent in this place.
 C = Inter-level travel time spent in this place.
 D = Time resting spent in this place.
 E = Time spent auto-exploring this place.
 F = Levels seen in this place.
 G = Mean time per level.
                   A        B        C        D        E       F      G
               +--------+--------+--------+--------+--------+-----+--------+
         Total |  18097 |  17549 |    548 |   1505 |  11398 |  16 | 1131.1 |
       Dungeon |   9959 |   9607 |    352 |    567 |   6521 |  10 |  995.9 |
          Lair |   6962 |   6766 |    196 |    711 |   4303 |   5 | 1392.4 |
        Bailey |   1175 |   1175 |      0 |    226 |    573 |   1 | 1175.0 |
               +--------+--------+--------+--------+--------+-----+--------+

Top non-repeatable levels by time:
  Lair:2: 1634 daAuts
     D:7: 1514 daAuts
     D:3: 1416 daAuts
  Lair:4: 1410 daAuts
  Lair:5: 1313 daAuts
  Lair:3: 1310 daAuts
  Lair:1: 1294 daAuts
     D:6: 1261 daAuts
  Bailey: 1175 daAuts
     D:8: 999 daAuts
     D:5: 995 daAuts
     D:4: 868 daAuts
     D:2: 823 daAuts
    D:10: 737 daAuts
     D:1: 729 daAuts
